 Dungeon Crawl Stone Soup version 0.29-a0-320-g9f8742066b (webtiles) character file.

Game seed: 7476957991447311244

20 Crownlay the Digger (level 2, 0/15 HPs)
             Began as a Gargoyle Earth Elementalist on Apr 2, 2022.
             Slain by a goblin
             ... wielding a +0 dagger
             ... led by Robin
              (3 damage)
             ... on level 2 of the Dungeon.
             The game lasted 00:01:16 (1567 turns).

Crownlay the Digger (Gargoyle Earth Elementalist)   Turns: 1567, Time: 00:01:16

Health: 0/15       AC:  4    Str: 11    XL:     2   Next: 79%
Magic:  3/5        EV: 11    Int: 15    God:
Gold:   30         SH:  0    Dex: 10    Spells: 5/6 levels left

rFire   . . .      SeeInvis .   d - staff of death
rCold   . . .      Faith    .   (no shield)
rNeg    + + .      Spirit   .   b - +0 robe
rPois   ∞          Reflect  .   (no helmet)
rElec   +          Harm     .   (no cloak)
rCorr   .          Rampage  .   (no gloves)
Will    .....                   (no boots)
Stlth   ++........              (no amulet)
HPRegen 0.05/turn               (no ring)
MPRegen 0.09/turn               (no ring)

@: no status effects
A: sickness immunity, AC +2, negative energy resistance 1, electricity
resistance, torment resistance 1, petrification resistance
a: no special abilities


You were on level 2 of the Dungeon.
You visited 1 branch of the dungeon, and saw 2 of its levels.

You collected 30 gold pieces.

Inventory:

Hand Weapons
 m - a +0 hunting sling
Missiles
 a - 73 stones
Armour
 b - a +0 robe (worn)
Magical Staves
 d - a staff of death (weapon)
Jewellery
 k - a ring of fire
Scrolls
 f - 2 scrolls of identify {unknown}
 g - a scroll of teleportation {unknown}
 h - a scroll of blinking {unknown}
 i - a scroll of torment {unknown}
 l - a scroll of brand weapon {unknown}
Potions
 c - a potion of magic
 e - 2 potions of brilliance {unknown}
 j - 2 potions of lignification {unknown}


   Skills:
 - Level 1.5 Dodging
 - Level 2.1 Stealth
 * Level 2.7 Spellcasting
 - Level 0.7 Transmutations
 + Level 4.0 Earth Magic


You had 5 spell levels left.
You knew the following spells:

 Your Spells              Type           Power      Damage    Failure   Level
a - Sandblast             Erth           28%        2d8       3%          1

Your spell library contained the following spells:

 Spells                   Type           Power      Damage    Failure   Level
 Passwall                 Tmut/Erth      7%         N/A       12%         2
 Stone Arrow              Conj/Erth      16%        3d8       26%         3
 Static Discharge         Conj/Air       2%         N/A       30%         2
 Petrify                  Tmut/Erth      9%         N/A       58%         4
 Dispel Undead            Necr           3%         3d7       90%         4
 Sticky Flame             Conj/Fire      2%         2d3       90%         4


Dungeon Overview and Level Annotations

Branches:
Dungeon (2/15)

Altars:

Annotations:
D:2 Robin


Innate Abilities, Weirdness & Mutations

You are immune to sickness and miasma.
Your stone body is resilient. (AC +2)
You are immune to poison.
You resist negative energy. (rN+)
You are resistant to electric shocks. (rElec)
You are resistant to unholy torment.
You are immune to petrification.


Message History

The hobgoblin attacks as you move away! The hobgoblin closely misses you.
The goblin no longer looks unusually strong.
The hobgoblin no longer looks unusually strong.
The goblin closely misses you. The hobgoblin attacks as you move away!
The hobgoblin hits you but does no damage.
The hobgoblin no longer looks unusually strong.
Casting: Sandblast (safe; 4% risk of failure)
Confirm with . or Enter, or press ? or * to list all spells.
Aiming: Sandblast (safe; 4% risk of failure)
Press: ? - help, Shift-Dir - straight line, f - goblin
Aim: a goblin, wielding a +0 dagger (74% to hit)
Okay, then.
You closely miss the goblin. The goblin closely misses you.
You completely miss the goblin.
Robin flexes a bicep menacingly.
The goblin barely misses you.
You barely miss the goblin.
The goblin no longer looks unusually strong.
Robin throws the goblin at you! The goblin closely misses you.
The goblin hits you but does no damage. x3
Casting: Sandblast (safe; 4% risk of failure)
Confirm with . or Enter, or press ? or * to list all spells.
Aiming: Sandblast (safe; 4% risk of failure)
Press: ? - help, Shift-Dir - straight line, f - goblin
Aim: a goblin, wielding a +0 dagger (74% to hit)
The blast of sand hits the goblin.
You kill the goblin!
The goblin barely misses you.
Robin roars a battlecry!
The goblins go into a battle-frenzy!
Robin roars a battlecry!
The goblin goes into a battle-frenzy!
You see here a +0 dagger.
The goblin attacks as you move away! The goblin barely misses you.
The goblin attacks as you move away! The goblin hits you but does no damage.
The goblin attacks as you move away! The goblin hits you with a +0 dagger.
* * * LOW HITPOINT WARNING * * *
The goblin attacks as you move away! The goblin hits you with a +0 dagger.
You die...

##+#### ####.....#
........# #......#
#......#
#......######.#
#<#............
.......
###....#######.#
....... +....@gg..#...
.......
#....###.##.#.##......
###### #.##.#..#......
#.##.##.#g[....
#g##.##.g)..... #g##.#
#.gg....
#)##.###)###g..
#.g.g..g...# .
#####g.....#


You could see 2 goblins.

Vanquished Creatures
  A dart slug (D:1)
  3 ball pythons (D:1)
  3 hobgoblins (D:1)
  A frilled lizard (D:1)
  5 goblins
  4 kobolds (D:1)
  A rat (D:1)
18 creatures vanquished.

Notes
Turn   | Place    | Note
-------+----------+-------------------------------------------
     0 | D:1      | Crownlay the Gargoyle Earth Elementalist began the quest
                  | for the Orb.
     0 | D:1      | Reached XP level 1. HP: 10/10 MP: 3/3
   779 | D:1      | Found a faded altar of an unknown god.
   790 | D:1      | Reached XP level 2. HP: 11/15 MP: 5/5
  1359 | D:1      | Reached skill level 4 in Earth Magic
  1540 | D:2      | Noticed Robin
  1567 | D:2      | Slain by a goblin

Illustrated notes

Levels and vault maps discovered:
D:1:      onia_arrival_pentagram, layout_basic,
          chequers_ecumenical_altar_island, minmay_misc_feat_ornament
D:2:      layout_basic, uniq_robin, uniq_sigmund, uniq_crazy_yiuf_cottage

Skill      XL: |  1  2 |
---------------+-------+-----
Earth Magic    | 4 |  4.0
Dodging        | |  1.5
Stealth        | |  2.1
Spellcasting   | |  2.7
Transmutations | |  0.7

Action                   || total
-------------------------++-------
Melee: Staff             ||    44
 Fire: Hunting sling     ||     3
 Cast: Sandblast         ||     8
 Stab: Sleeping          ||     2
Armor: Robe              ||    17
Dodge: Dodged            ||    41

Table legend: (Time is in decaauts)
 A = Elapsed time spent in this place.
 B = Non-inter-level travel time spent in this place.
 C = Inter-level travel time spent in this place.
 D = Time resting spent in this place.
 E = Time spent auto-exploring this place.
 F = Levels seen in this place.
 G = Mean time per level.
                   A        B        C        D        E       F      G
               +--------+--------+--------+--------+--------+-----+--------+
         Total |   1578 |   1539 |     39 |      0 |   1369 |   2 |  789.0 |
       Dungeon |   1578 |   1539 |     39 |      0 |   1369 |   2 |  789.0 |
               +--------+--------+--------+--------+--------+-----+--------+

Top non-repeatable levels by time:
     D:1: 1517 daAuts
     D:2: 60 daAuts
